 Dungeon Crawl Stone Soup version 0.29-a0-330-g52719c12eb (webtiles) character file.

Game seed: 18153032740014371073

311 Ajdolov the Covert (level 6, 0/35 HPs)
             Began as a Kobold Brigand on May 3, 2022.
             Was a Follower of Dithmenos.
             Succumbed to a gnoll sergeant's poison
             ... on level 4 of the Dungeon.
             The game lasted 00:06:31 (2998 turns).

Ajdolov the Covert (Kobold Brigand)                 Turns: 2998, Time: 00:06:32

Health: 0/35       AC:  4    Str:  8    XL:     6   Next: 70%
Magic:  6/6        EV: 14    Int: 12    God:    Dithmenos [*.....]
Gold:   251        SH:  0    Dex: 19    Spells: 5/5 levels left

rFire   . . .      SeeInvis .   a - +2 dagger
rCold   . . .      Faith    .   (no shield)
rNeg    . . .      Spirit   .   b - +0 robe
rPois   .          Reflect  .   (no helmet)
rElec   .          Harm     .   c - +0 cloak
rCorr   .          Rampage  .   (no gloves)
Will    .....                   u - +0 pair of boots
Stlth   ++++++....              (no amulet)
HPRegen 0.11/turn               (no ring)
MPRegen 0.10/turn               (no ring)

@: lethally poisoned (0 -> -9), flying, wreathed by umbra
A: small, no large weapons, nightstalker 3
a: Renounce Religion


You were on level 4 of the Dungeon.
You worshipped Dithmenos.
Dithmenos was aware of your devotion.
You visited 1 branch of the dungeon, and saw 4 of its levels.

You collected 251 gold pieces.

Inventory:

Hand Weapons
 a - a +2 dagger (weapon)
 y - a +0 rapier
Missiles
 d - 9 poisoned darts (quivered)
 e - 3 curare-tipped darts
 w - 2 throwing nets
Armour
 b - a +0 robe (worn)
 c - a +0 cloak (worn)
 u - a +0 pair of boots (worn)
Jewellery
 h - a ring of positive energy
Scrolls
 g - 2 scrolls of teleportation {unknown}
 j - a scroll of identify {unknown}
 l - a scroll of enchant armour {unknown}
 n - 2 scrolls of vulnerability {unknown}
 o - a scroll of fear {unknown}
 p - 2 scrolls of noise {unknown}
 q - a scroll of enchant weapon {unknown}
Potions
 f - a potion of degeneration {unknown}
 i - a potion of haste {unknown}
 k - 2 potions of mutation {unknown}
 m - a potion of might {unknown}
 r - a potion of flight
 s - a potion of brilliance {unknown}
 t - a potion of resistance {unknown}
 v - a potion of attraction {unknown}
 x - a potion of curing {unknown}


   Skills:
 - Level 2.1 Fighting
 + Level 6.1 Short Blades
 - Level 2.1 Throwing
 - Level 1.2 Dodging
 * Level 8.6 Stealth


You had 5 spell levels left.
You didn't know any spells.
Your spell library was empty.

Dungeon Overview and Level Annotations

Branches:
Dungeon (4/15)
 Temple: D:4-7

Altars:
Dithmenos

Annotations:
D:4 2 transporters


Innate Abilities, Weirdness & Mutations

You are small and have problems with some larger weapons.
You are completely attuned to the shadows.


Message History

The helpless gnoll fails to defend itself.
You spit the gnoll like a pig!!!!
You kill the gnoll!
Dithmenos accepts your kill.
The gnoll sergeant shouts!
The gnoll shouts!
You hear a shout!
The gnoll closely misses you.
The gnoll sergeant hits you from afar with a +0 trident of venom.
You are poisoned.
The gnoll shouts!
Things that are here:
a +0 flail; a throwing net; a gnoll corpse You feel sick.
You feel sick. The gnoll sergeant closely misses you.
There is a stone staircase leading down here.
You feel sick.
A gnoll comes into view. It is wielding a +0 club.
You feel sick.
You feel sick.
You are no longer poisoned.
The gnoll attacks as you move away! The gnoll barely misses you.
The gnoll attacks as you move away! The gnoll barely misses you.
The gnoll attacks as you move away! The gnoll closely misses you.
The gnoll attacks as you move away! The gnoll barely misses you.
The gnoll attacks as you move away! The gnoll hits you with a +0 whip.
The gnoll sergeant barely misses you. The gnoll attacks as you move away!
The gnoll misses you. The gnoll barely misses you.
The gnoll sergeant hits you from afar with a +0 trident of venom!
You are lethally poisoned!
The gnoll attacks as you move away! The gnoll hits you with a +0 whip.
* * * LOW HITPOINT WARNING * * *
x2 You feel very sick.
You hear the slow hiss of a very distant avalanche of sand.
* * * LOW HITPOINT WARNING * * *
You feel very sick. The gnoll sergeant misses you.
It was a potion of flight.
You feel very buoyant.
You fly up into the air.
You die...

#.#.......#.#.##..
..##.###.##...#...
..........#.#...
.###.###.##.....
... ......#... #.#
.###.##... #.#
#...... #.#
###..... .#
#@#####...#..<
..###.g.....####..
.....g##g..### #.
..........##
........###
©.....### ##...#
##..## #...##


You could see a gnoll sergeant and 2 gnolls.

Vanquished Creatures
  An ogre (D:3)
  A necrophage (D:4)
  A hound (D:3)
  An iguana (D:3)
  Natasha (D:4)
  A gnoll (D:4)
  3 adders
  A dart slug (D:1)
  6 ball pythons
  4 endoplasms
  A giant cockroach (D:4)
  4 goblins
  5 hobgoblins
  8 jackals
  4 kobolds
  A quokka (D:2)
  7 bats
  5 frilled lizards
  4 rats
  A spectral kobold (D:2)
60 creatures vanquished.

Vanquished Creatures (others)
  5 toadstools (D:1)
5 creatures vanquished.

Grand Total: 65 creatures vanquished

Notes
Turn   | Place    | Note
-------+----------+-------------------------------------------
     0 | D:1      | Ajdolov the Kobold Brigand began the quest for the Orb.
     0 | D:1      | Reached XP level 1. HP: 12/12 MP: 1/1
     2 | D:1      | Noticed a minotaur
     2 | D:1      | Noticed a ghoul
     4 | D:1      | Noticed a troll
     4 | D:1      | Noticed a naga
     6 | D:1      | Noticed an ogre
     8 | D:1      | Noticed a merfolk
    12 | D:1      | Noticed a draconian
    14 | D:1      | Noticed a formicid
    14 | D:1      | Noticed a spriggan
    16 | D:1      | Noticed a tengu
    16 | D:1      | Noticed a gargoyle
    18 | D:1      | Noticed a dwarf
    18 | D:1      | Noticed a vine stalker
    20 | D:1      | Noticed a demonspawn
    20 | D:1      | Noticed a human
    22 | D:1      | Noticed a demigod
    22 | D:1      | Noticed a felid
    24 | D:1      | Noticed a vampire
    24 | D:1      | Noticed an octopode
    26 | D:1      | Noticed an elf
   192 | D:1      | Reached XP level 2. HP: 17/17 MP: 2/2
  1035 | D:2      | Reached XP level 3. HP: 21/21 MP: 3/3
  1039 | D:2      | Found a shadowy altar of Dithmenos.
  1359 | D:2      | Became a worshipper of Dithmenos the Shadowed
  1511 | D:2      | Found a faded altar of an unknown god.
  1824 | D:2      | Reached skill level 6 in Stealth
  2073 | D:2      | Reached XP level 4. HP: 26/26 MP: 4/4
  2351 | D:3      | Reached skill level 5 in Short Blades
  2470 | D:3      | Reached * piety under Dithmenos
  2526 | D:3      | Reached XP level 5. HP: 30/30 MP: 5/5
  2569 | D:3      | Noticed an ogre
  2581 | D:3      | Killed an ogre
  2582 | D:3      | Reached skill level 7 in Stealth
  2649 | D:3      | Reached XP level 6. HP: 35/35 MP: 6/6
  2849 | D:4      | Noticed Natasha
  2854 | D:4      | Reached skill level 8 in Stealth
  2855 | D:4      | Killed Natasha
  2941 | D:4      | Found a transporter.
  2958 | D:4      | Found a transporter.
  2998 | D:4      | Succumbed to a gnoll sergeant's poison

Illustrated notes

Levels and vault maps discovered:
D:1:      kb_arrival_jail, layout_loops_ring, minmay_gold_behind_fungi
D:2:      layout_loops_ring, basic_altar,
          dreamdust_ecumenical_altar_drowned_temple
D:3:      layout_loops_cross
D:4:      layout_cave_pods, nemelex_spade_bored_becter,
          gammafunk_ghost_abyssal_escape, enter_ossuary_4, serial_shops,
          kennysheep_mini_moat, nicolae_concentric_dashed_squares_wild,
          minmay_splitting_lines, dreamdust_princess_corridor,
          minmay_lizard_king, uniq_natasha

Skill      XL: |  1  2  3  4  5  6 |
---------------+-------------------+-----
Short Blades   | 3 4 5 6 |  6.1
Stealth        | 6 7 8 |  8.6
Fighting       | |  2.1
Throwing       | |  2.1
Dodging        | |  1.2

Action                   |  1- 3 |  4- 6 || total
-------------------------+-------+-------++-------
Melee: Dagger            |    93 |    32 ||   125
       Punch             |     1 |       ||     1
Throw: Dart              |     1 |     1 ||     2
  Use: Potion            |       |     1 ||     1
 Stab: Sleeping          |    18 |    18 ||    36
       Distracted        |       |     1 ||     1
Armor: Robe              |    20 |     2 ||    22
Dodge: Dodged            |    59 |    18 ||    77

Table legend: (Time is in decaauts)
 A = Elapsed time spent in this place.
 B = Non-inter-level travel time spent in this place.
 C = Inter-level travel time spent in this place.
 D = Time resting spent in this place.
 E = Time spent auto-exploring this place.
 F = Levels seen in this place.
 G = Mean time per level.
                   A        B        C        D        E       F      G
               +--------+--------+--------+--------+--------+-----+--------+
         Total |   2979 |   2837 |    142 |     99 |   2200 |   4 |  744.8 |
       Dungeon |   2979 |   2837 |    142 |     99 |   2200 |   4 |  744.8 |
               +--------+--------+--------+--------+--------+-----+--------+

Top non-repeatable levels by time:
     D:1: 1092 daAuts
     D:2: 992 daAuts
     D:3: 741 daAuts
     D:4: 152 daAuts
